Urf, chaotic female giant Cavewoman ----- -------------------------------- #-...| |..............................| ###|...| | ------+--------------..-----%| # |.<.| +.H| |.|# ### |....# |GG-.. |.|# # -----# |.G|...|.|### # |..-----.|# # |.G......%# |G------.|# -. |.|## .| |.| --- |.| -.| |.| -.| .| --- Urf the Cave Teen Experience level: 5 Strength: 18/06 Dexterity: 16 Constitution: 15 Intelligence: 10 Wisdom: 8 Charisma: 7 Health: 0(44) Energy: 12(12) Def: 1 Gold: 191 Moves: 3238 Dungeon seed: RzHoWHLPT-P1rLRm Game ID: Urf_1484803142 Your Inventory: Coins $ - 191 gold pieces Weapons b - an uncursed +2 sling (alternate weapon; not wielded) k - 9 uncursed +0 daggers m - 5 blessed +3 darts p - a cursed -4 axe q - a cursed -1 dwarvish short sword (weapon in hand) t - an uncursed +0 elven dagger Armor z - an uncursed +0 dwarvish roundshield (being worn) Comestibles g - an uncursed fortune cookie h - an uncursed pancake w - 3 uncursed food rations B - an uncursed melon Scrolls j - an uncursed scroll of scare monster l - an uncursed scroll of enchant weapon x - an uncursed scroll of water Wands s - an uncursed wand of make invisible (0:0) Tools i - an uncursed towel o - an uncursed blindfold v - an uncursed oil lamp (0:894) C - a blessed tallow candle (0:200) D - an uncursed sack Gems e - 10 uncursed flints (in quiver) n - 3 uncursed worthless pieces of yellow glass r - an uncursed worthless piece of yellowish brown glass y - an uncursed worthless piece of black glass N - an uncursed agate Y - an uncursed worthless piece of violet glass Spells and supernatural/magical abilities: Name Level Category Fail Memory W - pray for help -- divine ? -- Your skills at the end: Miscellaneous Skills bare handed combat [Basic] Weapon Skills two-handed sword [Basic] club [Basic] sling [Basic] Spellcasting Skills Final Attributes: You were devoutly aligned. Your writing hand was a little cramped from use. You saw invisible. You were telepathic. You had infravision. You were very stealthy. You are dead. Vanquished creatures: a baby crocodile a shrieker 2 gnome lords 2 gnomish wizards a gray ooze a floating eye 4 dwarves an iguana 2 jitterbugs 2 giant bats a monkey an orc zombie a werejackal 2 coyotes a gas spore 3 hobbits 2 geckos a red mold 18 gnomes a gnome zombie 13 jackals a fox 7 newts 8 grid bugs a lichen a kobold zombie 79 creatures vanquished. Voluntary challenges: You did not adorn yourself with jewelry or accessories. You did not cause conflict. You were not invisible. You did not have reflection. You were not displaced. You were an atheist. You used a wielded weapon 52 times, starting on turn 393. You did not use containers. You did not apply a unicorn horn. You did not use sinks. You read items or engraved 3 times, starting on turn 519. You never genocided any monsters. You never polymorphed an object. You never changed form. You used no wishes. You never split a pudding. You wrote Elbereth's name 2 times, starting on turn 1329. You never violated your personal moral code. Dungeon overview: The Dungeons of Doom: levels 1 to 2 Level 1 a fountain a long staircase Level 2 stairs to The Gnomish Mines The Gnomish Mines: levels 3 to 5 Level 3 stairs to The Dungeons of Doom Level 4 Level 5 <- You were here History has recorded: On T:1 you entered the Dungeons of Doom to retrieve the Amulet of Yendor! On T:161 you reached level 2 of The Dungeons of Doom. On T:1139 you reached level 1 of The Gnomish Mines. On T:1141 you advanced to experience level 2. On T:1367 you advanced to experience level 3. On T:1409 you advanced to experience level 4. On T:1857 you reached level 2 of The Gnomish Mines. On T:2210 you advanced to experience level 5. On T:3130 you reached level 3 of The Gnomish Mines. Score breakdown: Gold: 191 ( 19 points) Experience: 5 levels ( 400 points) Exploration: 5 levels ( 120 points) Discoveries: 18 items ( 900 points) Variety of kills: 26 monsters ( 1300 points) Major goal: (nothing yet) ( 0 points) Survival: died (score multiplied by 3) Total score: 8217 Latest messages: You hear a door open. The gnomish wizard points at you, then curses. (3x) You miss the gnome. The gnome swings her thonged club at the cavewoman. The gnome hits you! The gnome lord zaps a wand of magic missile! The magic missile hits the gnomish wizard. The magic missile hits you! You hear the howling of the CwnAnnwn... The magic missile bounces! You hear a distant squeak. The air crackles around the gnomish wizard. The gnomish wizard points all around, then curses. Please move the cursor to an unknown object. Never mind. You miss the gnomish wizard. The gnome swings her thonged club at the cavewoman. The gnome hits you! You die... The sack is empty. The sack is empty. Final status: Goodbye Urf the Cavewoman, killed by a gnome... You died in The Gnomish Mines on dungeon level 5 with 8217 points, and 191 pieces of gold, after 3238 moves. You were level 5 with a maximum of 44 hit points when you died.